Los Angeles Kings vs Toronto Maple Leafs
Created - Friday, March 1, 2024 at 07:07
Goals
|
| Los Angeles Kings |
1 |
0 |
4 |
5 |
| Toronto Maple Leafs |
1 |
1 |
0 |
2 |
|
Shots
|
| Los Angeles Kings |
16 |
11 |
17 |
44 |
| Toronto Maple Leafs |
14 |
22 |
7 |
43 |
|
1st period
1. Toronto Maple Leafs , Trevor Zegras 5 (Troy Terry 8, Sam Bennett 10) at 5:03 (PP)
2. Los Angeles Kings , Andrei Svechnikov 5 (Owen Power 8) at 12:36
Penalties :
Marco Rossi (LAK) for Hooking (Minor) at 4:59
2nd period
3. Toronto Maple Leafs , Warren Foegele 4 (Nick Bjugstad 7, Wyatt Johnston 2) at 16:45
Penalties :
Sam Bennett (TOR) for Tripping (Minor) at 4:32, Dougie Hamilton (TOR) for Tripping (Minor) at 11:08
3rd period
4. Los Angeles Kings , Andrei Kuzmenko 10 (Seth Jarvis 11) at 0:57 (PP)
5. Los Angeles Kings , Andrei Kuzmenko 11 (Andrei Svechnikov 16, Seth Jarvis 12) at 8:34 (PP)
6. Los Angeles Kings , Vitali Kravtsov 3 (Cooper Marody 3, Joshua Brown 4) at 11:42
7. Los Angeles Kings , Trent Frederic 4 (Alexander Radulov 6, Noah Dobson 6) at 13:22
Penalties :
Trevor Zegras (TOR) for High sticking (Minor) at 0:53, Vitali Kravtsov (LAK) for High sticking (Minor) at 3:10, Aaron Ekblad (TOR) for Holding (Minor) at 8:31, Trevor Zegras (TOR) for Holding (Minor) at 9:36, Nicolas Roy (TOR) for Hooking (Minor) at 17:28
Goalie Stats
John Gibson (LAK), 41 saves from 43 shots - (0.953), W, 8-9-1, 60:00 minutes
Cam Talbot (TOR), 39 saves from 44 shots - (0.886), L, 11-3-1, 60:00 minutes
Players Stats for Los Angeles Kings
Player Name G A P +/- PIM S H SB GA TA FO MP PP MP PK MP
------------------------------------------------------------------------------------
Alexander Radulov 0 1 1 1 0 7 2 0 1 0 3/16 18:11 3:09 0:57
Alexander Romanov 0 0 0 -1 0 1 1 2 0 0 0/0 22:31 4:07 1:00
Andrei Kuzmenko 2 0 2 0 0 4 0 1 0 1 1/1 19:27 3:46 1:05
Andrei Svechnikov 1 1 2 0 0 4 3 0 0 0 0/2 19:27 3:46 1:05
Cole Perfetti 0 0 0 0 0 3 1 1 2 1 7/14 16:38 4:03 0:01
Cooper Marody 0 1 1 1 0 1 0 1 0 0 2/5 9:14 0:49 0:00
Erik Brannstrom 0 0 0 1 0 0 0 1 0 0 0/0 15:21 0:23 0:00
Jakub Zboril 0 0 0 1 0 1 1 0 0 0 0/1 9:01 0:23 0:00
Joshua Brown 0 1 1 1 0 0 1 0 2 0 0/0 15:08 0:28 0:00
K'Andre Miller 0 0 0 -1 0 5 0 2 0 0 0/0 22:35 4:11 1:00
Marco Rossi 0 0 0 0 2 3 1 0 0 0 0/0 16:07 4:03 0:00
Noah Dobson 0 1 1 2 0 4 0 1 0 0 0/0 21:52 3:17 1:03
Owen Power 0 1 1 2 0 1 0 3 0 1 0/0 21:56 3:21 1:03
Peyton Krebs 0 0 0 1 0 3 1 0 0 0 0/1 14:24 0:10 0:00
Ryan Reaves 0 0 0 0 0 0 1 0 0 0 0/1 12:48 0:19 0:00
Seth Jarvis 0 2 2 0 0 0 1 0 1 0 6/25 19:49 3:46 0:58
Trent Frederic 1 0 1 1 0 4 2 0 1 1 1/2 14:03 0:00 0:00
Vitali Kravtsov 1 0 1 1 2 3 1 0 1 0 0/0 9:23 0:14 0:00
Players Stats for Toronto Maple Leafs
Player Name G A P +/- PIM S H SB GA TA FO MP PP MP PK MP
------------------------------------------------------------------------------------
Aaron Ekblad 0 0 0 -1 2 2 2 5 1 0 0/0 26:45 0:55 4:04
Andrew Mangiapane 0 0 0 0 0 5 0 0 0 1 1/2 13:37 1:01 0:00
Brandon Saad 0 0 0 -1 0 1 0 1 1 0 1/1 15:15 0:00 4:10
Cody Ceci 0 0 0 0 0 0 1 1 0 0 0/0 20:09 1:08 3:27
Dougie Hamilton 0 0 0 -1 2 1 0 2 0 1 0/0 17:03 0:55 0:10
Kyle Okposo 0 0 0 0 0 0 2 0 0 0 0/0 10:44 0:00 0:00
Luke Schenn 0 0 0 -1 0 1 3 0 0 2 0/0 20:08 1:08 3:59
Mario Ferraro 0 0 0 -1 0 2 1 2 0 1 0/0 22:56 0:00 4:26
Nick Bjugstad 0 1 1 -1 0 3 1 1 0 2 2/6 15:45 0:00 3:05
Nicolas Roy 0 0 0 0 2 2 1 0 0 1 7/12 13:32 0:00 2:40
Nino Niederreiter 0 0 0 0 0 5 0 0 2 0 0/0 13:37 1:01 0:00
Ryan Pulock 0 0 0 0 0 3 1 2 0 0 0/0 13:00 0:00 0:00
Sam Bennett 0 1 1 -1 2 0 0 0 0 0 16/18 14:49 1:02 0:00
Scott Laughton 0 0 0 0 0 2 1 0 0 0 17/22 17:18 1:01 3:46
Trevor Zegras 1 0 1 -2 4 4 4 1 0 0 0/0 16:29 1:02 1:40
Troy Terry 0 1 1 -1 0 3 1 1 0 0 0/0 14:34 1:02 0:00
Warren Foegele 1 0 1 0 0 5 1 1 0 0 0/0 12:42 0:00 0:06
Wyatt Johnston 0 1 1 0 0 4 0 0 0 0 4/7 13:28 0:00 0:39
3 Stars
1 - John Gibson (LAK)
2 - Andrei Kuzmenko (LAK)
3 - Andrei Svechnikov (LAK)
Power Play
Los Angeles Kings - 2 on 6 Attempt(s) - 33.33%
Toronto Maple Leafs - 1 on 2 Attempt(s) - 50.00%
Penalty Kill
Los Angeles Kings - 1 on 2 Attempt(s) - 50.00%
- Score 0 goal in Penalty Kill
Toronto Maple Leafs - 4 on 6 Attempt(s) - 66.67%
- Score 0 goal in Penalty Kill
Team Stat
Los Angeles Kings - Hits : 16 - Faceoff Wins : 20 - Blocked Shots : 12 - Penalty Minutes : 4
Toronto Maple Leafs - Hits : 19 - Faceoff Wins : 48 - Blocked Shots : 17 - Penalty Minutes : 12
Official
Referees : Dave Jackson and Brad Watson
Linesman : Tony Sericolo and Andy McElman
Game Notes
No Game Note
Finance
Level 1 -- Attendance: 6000 (100.00%) -- Ticket Income $564,000
Level 2 -- Attendance: 4668 (93.36%) -- Ticket Income $252,072
Level 3 -- Attendance: 2790 (93.00%) -- Ticket Income $92,070
Level 4 -- Attendance: 4898 (97.96%) -- Ticket Income $102,858
Luxury Box -- Attendance: 1000 (100.00%) -- Ticket Income $193,000
Game was played at the Air Canada Centre.
Total Attendance: 19356 (96.78%)
Total Ticket Income: $1,204,000
Other Income: $421,400
Total Income: $1,625,400
Los Angeles Kings
5 vs 5 Forward
Center Left Wing Right Wing Time % Phy DF OF
1 Seth Jarvis Andrei Svechnikov Andrei Kuzmenko 30 1 2 2
2 Alexander Radulov Trent Frederic Peyton Krebs 30 1 2 2
3 Cole Perfetti Ryan Reaves Marco Rossi 25 1 2 2
4 Cooper Marody Vitali Kravtsov Jakub Zboril 15 1 2 2
5 vs 5 Defense
Defense Defense Time % Phy DF OF
1 K'Andre Miller Alexander Romanov 35 1 2 2
2 Noah Dobson Owen Power 35 1 2 2
3 Joshua Brown Erik Brannstrom 30 1 2 2
4 K'Andre Miller Alexander Romanov 0 1 2 2
PowerPlay Forward
Center Left Wing Right Wing Time % Phy DF OF
1 Seth Jarvis Andrei Svechnikov Andrei Kuzmenko 50 1 2 2
2 Alexander Radulov Cole Perfetti Marco Rossi 50 1 2 2
PowerPlay Defense
Defense Defense Time % Phy DF OF
1 K'Andre Miller Alexander Romanov 50 1 2 2
2 Noah Dobson Owen Power 50 1 2 2
Penalty Kill 4 Players Forward
Center Wing Time % Phy DF OF
1 Andrei Svechnikov Andrei Kuzmenko 50 1 2 2
2 Alexander Radulov Seth Jarvis 50 1 2 2
Penalty Kill 4 Players Defense
Defense Defense Time % Phy DF OF
1 K'Andre Miller Alexander Romanov 50 1 2 2
2 Noah Dobson Owen Power 50 1 2 2
Penalty Kill - 3 Players Forward
Forward Time % Phy DF OF
1 Andrei Svechnikov 50 1 2 2
2 Andrei Kuzmenko 50 1 2 2
Penalty Kill - 3 Players Defense
Defense Defense Time % Phy DF OF
1 K'Andre Miller Alexander Romanov 50 1 2 2
2 Noah Dobson Owen Power 50 1 2 2
4 vs 4 Forward
Center Wing Time % Phy DF OF
1 Andrei Svechnikov Andrei Kuzmenko 50 1 2 2
2 Alexander Radulov Seth Jarvis 50 1 2 2
4 vs 4 Defense
Defense Defense Time % Phy DF OF
1 K'Andre Miller Alexander Romanov 50 1 2 2
2 Noah Dobson Owen Power 50 1 2 2
Last Minutes Offensive
Center Left Wing Right Wing Defense Defense
Seth Jarvis Andrei Svechnikov Andrei Kuzmenko K'Andre Miller Alexander Romanov
Last Minutes Defensive
Center Left Wing Right Wing Defense Defense
Seth Jarvis Andrei Svechnikov Andrei Kuzmenko K'Andre Miller Alexander Romanov
Goaltenders
Starting : John Gibson
Backup : Jonas Johansson
Extra Forwards
Normal : Marco Rossi, Alexander Radulov, Cole Perfetti - PP : Marco Rossi, Alexander Radulov - PK : Cole Perfetti
Extra Defensemen
Normal : Joshua Brown, Erik Brannstrom, Noah Dobson - PP : Joshua Brown - PK : Erik Brannstrom, Noah Dobson
Penalty Shots
Andrei Svechnikov, Andrei Kuzmenko, Cole Perfetti, Seth Jarvis, Alexander Radulov
Toronto Maple Leafs
5 vs 5 Forward
Center Left Wing Right Wing Time % Phy DF OF
1 Sam Bennett Trevor Zegras Troy Terry 30 1 2 2
2 Scott Laughton Andrew Mangiapane Nino Niederreiter 30 1 2 2
3 Nicolas Roy Brandon Saad Kyle Okposo 25 1 2 2
4 Wyatt Johnston Warren Foegele Nick Bjugstad 15 1 2 2
5 vs 5 Defense
Defense Defense Time % Phy DF OF
1 Aaron Ekblad Dougie Hamilton 30 1 2 2
2 Cody Ceci Luke Schenn 30 1 2 2
3 Ryan Pulock Mario Ferraro 25 1 2 2
4 Aaron Ekblad Mario Ferraro 15 1 2 2
PowerPlay Forward
Center Left Wing Right Wing Time % Phy DF OF
1 Sam Bennett Trevor Zegras Troy Terry 50 1 2 2
2 Scott Laughton Andrew Mangiapane Nino Niederreiter 50 1 2 2
PowerPlay Defense
Defense Defense Time % Phy DF OF
1 Aaron Ekblad Dougie Hamilton 50 1 2 2
2 Cody Ceci Luke Schenn 50 1 2 2
Penalty Kill 4 Players Forward
Center Wing Time % Phy DF OF
1 Scott Laughton Nicolas Roy 50 1 2 2
2 Nick Bjugstad Brandon Saad 50 1 2 2
Penalty Kill 4 Players Defense
Defense Defense Time % Phy DF OF
1 Aaron Ekblad Cody Ceci 50 1 2 2
2 Mario Ferraro Luke Schenn 50 1 2 2
Penalty Kill - 3 Players Forward
Forward Time % Phy DF OF
1 Sam Bennett 50 1 2 2
2 Scott Laughton 50 1 2 2
Penalty Kill - 3 Players Defense
Defense Defense Time % Phy DF OF
1 Aaron Ekblad Cody Ceci 50 1 2 2
2 Mario Ferraro Luke Schenn 50 1 2 2
4 vs 4 Forward
Center Wing Time % Phy DF OF
1 Sam Bennett Scott Laughton 50 1 2 2
2 Trevor Zegras Troy Terry 50 1 2 2
4 vs 4 Defense
Defense Defense Time % Phy DF OF
1 Aaron Ekblad Dougie Hamilton 50 1 2 2
2 Cody Ceci Luke Schenn 50 1 2 2
Last Minutes Offensive
Center Left Wing Right Wing Defense Defense
Sam Bennett Trevor Zegras Troy Terry Aaron Ekblad Dougie Hamilton
Last Minutes Defensive
Center Left Wing Right Wing Defense Defense
Scott Laughton Brandon Saad Nicolas Roy Aaron Ekblad Cody Ceci
Goaltenders
Starting : Cam Talbot
Backup : Frederik Andersen
Extra Forwards
Normal : Wyatt Johnston, Nicolas Roy, Brandon Saad - PP : Wyatt Johnston, Nicolas Roy - PK : Brandon Saad
Extra Defensemen
Normal : Ryan Pulock, Mario Ferraro, Cody Ceci - PP : Ryan Pulock - PK : Mario Ferraro, Cody Ceci
Penalty Shots
Sam Bennett, Scott Laughton, Trevor Zegras, Troy Terry, Andrew Mangiapane
% Time on Ice - Los Angeles Kings
Lines # - Real PCT - Wanted PCT - Time Play
Normal Forward
1 - 29% - 30% - 14:36
2 - 29% - 30% - 14:37
3 - 24% - 25% - 12:03
4 - 17% - 15% - 8:38
Normal Defense
1 - 34% - 35% - 16:47
2 - 36% - 35% - 17:50
3 - 29% - 30% - 14:40
4 - 1% - 0% - 0:37
PP Forward
1 - 48% - 50% - 3:50
2 - 52% - 50% - 4:13
PP Defense
1 - 54% - 50% - 4:23
2 - 46% - 50% - 3:40
PK Forward
1 - 53% - 50% - 1:05
2 - 47% - 50% - 0:58
PK Defense
1 - 49% - 50% - 1:00
2 - 51% - 50% - 1:03
PK3 Forward
1 - 0% - 50%
2 - 0% - 50%
PK3 Defense
1 - 0% - 50%
2 - 0% - 50%
44 Forward
1 - 0% - 50%
2 - 0% - 50%
44 Defense
1 - 0% - 50%
2 - 0% - 50%
Last Minute Offensive - 0:00
Last Minute Defensive - 0:00
Total
Forward - 60:00
Defense - 60:00
|
% Time on Ice - Toronto Maple Leafs
Lines # - Real PCT - Wanted PCT - Time Play
Normal Forward
1 - 27% - 30% - 13:29
2 - 26% - 30% - 13:08
3 - 22% - 25% - 10:44
4 - 25% - 15% - 12:33
Normal Defense
1 - 32% - 30% - 15:53
2 - 30% - 30% - 15:07
3 - 25% - 25% - 12:38
4 - 13% - 15% - 6:16
PP Forward
1 - 50% - 50% - 1:02
2 - 50% - 50% - 1:01
PP Defense
1 - 45% - 50% - 0:55
2 - 55% - 50% - 1:08
PK Forward
1 - 55% - 50% - 4:24
2 - 45% - 50% - 3:39
PK Defense
1 - 51% - 50% - 4:04
2 - 49% - 50% - 3:59
PK3 Forward
1 - 0% - 50%
2 - 0% - 50%
PK3 Defense
1 - 0% - 50%
2 - 0% - 50%
44 Forward
1 - 0% - 50%
2 - 0% - 50%
44 Defense
1 - 0% - 50%
2 - 0% - 50%
Last Minute Offensive - 0:00
Last Minute Defensive - 0:00
Total
Forward - 60:00
Defense - 60:00
|
Play-by-Play
1st period
0:01 of 1st period - Sam Bennett wins face-off versus Seth Jarvis in neutral zone.
0:14 of 1st period - Wrist shot by Troy Terry.
0:14 of 1st period - Shot Misses the Net.
0:16 of 1st period - Slapshot by Aaron Ekblad.
0:16 of 1st period - Deflect By Sam Bennett.
0:16 of 1st period - Shot Blocked by K'Andre Miller.
0:16 of 1st period - Puck is out of play.
0:17 of 1st period - Trent Frederic wins face-off versus Scott Laughton in Los Angeles Kings zone.
1:10 of 1st period - Wrist shot by Warren Foegele.
1:10 of 1st period - Stopped by John Gibson without a rebound.
1:11 of 1st period - Sam Bennett wins face-off versus Seth Jarvis in Los Angeles Kings zone.
1:18 of 1st period - Snap shot by Troy Terry.
1:18 of 1st period - Stopped by John Gibson with a rebound.
1:20 of 1st period - Snap shot by Sam Bennett.
1:20 of 1st period - Shot Blocked by Alexander Romanov.
1:40 of 1st period - Slapshot by Trent Frederic.
1:40 of 1st period - Shot Misses the Net.
1:42 of 1st period - Wrist shot by K'Andre Miller.
1:42 of 1st period - Stopped by Cam Talbot with a rebound.
1:44 of 1st period - Slapshot by Alexander Romanov.
1:44 of 1st period - Shot Blocked by Mario Ferraro.
1:46 of 1st period - Slapshot by K'Andre Miller.
1:46 of 1st period - Deflect By Peyton Krebs.
1:46 of 1st period - Stopped by Cam Talbot with a rebound.
2:33 of 1st period - Icing by Alexander Romanov.
2:34 of 1st period - Sam Bennett wins face-off versus Alexander Radulov in Los Angeles Kings zone.
2:58 of 1st period - Snap shot by Alexander Radulov.
2:58 of 1st period - Stopped by Cam Talbot with a rebound.
3:08 of 1st period - Snap shot by Andrew Mangiapane.
3:08 of 1st period - Shot Blocked by Alexander Romanov.
3:10 of 1st period - Slapshot by Cody Ceci.
3:10 of 1st period - Shot Misses the Net.
3:31 of 1st period - Slapshot by Cole Perfetti.
3:31 of 1st period - Shot Misses the Net.
4:13 of 1st period - Sam Bennett is hit by Joshua Brown and loses puck.
4:30 of 1st period - Scott Laughton is hit by Andrei Svechnikov and loses puck.
4:37 of 1st period - Slapshot by Dougie Hamilton.
4:37 of 1st period - Stopped by John Gibson without a rebound.
4:38 of 1st period - Nicolas Roy wins face-off versus Cole Perfetti in Los Angeles Kings zone.
4:59 of 1st period - Minor Penalty to Marco Rossi for Hooking.
5:00 of 1st period - Sam Bennett wins face-off versus Andrei Svechnikov in Los Angeles Kings zone.
5:03 of 1st period - Snap shot by Trevor Zegras.
5:03 of 1st period - Goal by Trevor Zegras - Los Angeles Kings : 0 - Toronto Maple Leafs : 1.
5:04 of 1st period - Sam Bennett wins face-off versus Andrei Svechnikov in neutral zone.
5:11 of 1st period - Wrist shot by Trevor Zegras.
5:11 of 1st period - Shot Blocked by Owen Power.
5:29 of 1st period - Owen Power is hit by Scott Laughton.
5:37 of 1st period - Snap shot by Nino Niederreiter.
5:37 of 1st period - Stopped by John Gibson without a rebound.
5:38 of 1st period - Scott Laughton wins face-off versus Cole Perfetti in Los Angeles Kings zone.
5:39 of 1st period - Snap shot by Andrew Mangiapane.
5:39 of 1st period - Shot Blocked by Erik Brannstrom.
6:03 of 1st period - Joshua Brown is hit by Nicolas Roy and loses puck.
6:12 of 1st period - Aaron Ekblad is hit by Andrei Svechnikov and loses puck.
6:31 of 1st period - Sam Bennett is hit by Jakub Zboril and loses puck.
7:15 of 1st period - Slapshot by Noah Dobson.
7:15 of 1st period - Deflect By Marco Rossi.
7:15 of 1st period - Stopped by Cam Talbot with a rebound.
7:55 of 1st period - Mario Ferraro is hit by Vitali Kravtsov and loses puck.
8:08 of 1st period - Slapshot by Trent Frederic.
8:08 of 1st period - Shot Blocked by Trevor Zegras.
8:10 of 1st period - Wrist shot by Alexander Radulov.
8:10 of 1st period - Shot Blocked by Troy Terry.
8:12 of 1st period - Slapshot by Trent Frederic.
8:12 of 1st period - Shot Blocked by Ryan Pulock.
8:14 of 1st period - Snap shot by Erik Brannstrom.
8:14 of 1st period - Shot Blocked by Ryan Pulock.
9:38 of 1st period - Slapshot by Marco Rossi.
9:38 of 1st period - Stopped by Cam Talbot with a rebound.
10:05 of 1st period - Snap shot by Alexander Radulov.
10:05 of 1st period - Stopped by Cam Talbot with a rebound.
10:07 of 1st period - Slapshot by Trent Frederic.
10:07 of 1st period - Stopped by Cam Talbot with a rebound.
10:09 of 1st period - Slapshot by K'Andre Miller.
10:09 of 1st period - Stopped by Cam Talbot with a rebound.
10:11 of 1st period - Slapshot by K'Andre Miller.
10:11 of 1st period - Shot Blocked by Aaron Ekblad.
10:42 of 1st period - Andrei Svechnikov is hit by Aaron Ekblad and loses puck.
10:59 of 1st period - Snap shot by Andrew Mangiapane.
10:59 of 1st period - Shot Misses the Net.
11:01 of 1st period - Snap shot by Andrew Mangiapane.
11:01 of 1st period - Stopped by John Gibson without a rebound.
11:02 of 1st period - Sam Bennett wins face-off versus Alexander Radulov in Los Angeles Kings zone.
11:32 of 1st period - Alexander Romanov is hit by Kyle Okposo and loses puck.
11:41 of 1st period - Andrei Kuzmenko is hit by Mario Ferraro.
11:52 of 1st period - Wrist shot by Andrei Kuzmenko.
11:52 of 1st period - Shot Blocked by Aaron Ekblad.
11:54 of 1st period - Slapshot by Andrei Kuzmenko.
11:54 of 1st period - Stopped by Cam Talbot with a rebound.
11:56 of 1st period - Slapshot by K'Andre Miller.
11:56 of 1st period - Shot Blocked by Dougie Hamilton.
11:58 of 1st period - Slapshot by Alexander Romanov.
11:58 of 1st period - Deflect By Nick Bjugstad.
11:58 of 1st period - Stopped by Cam Talbot with a rebound.
12:00 of 1st period - Slapshot by K'Andre Miller.
12:00 of 1st period - Stopped by Cam Talbot without a rebound.
12:01 of 1st period - Sam Bennett wins face-off versus Cole Perfetti in Toronto Maple Leafs zone.
12:08 of 1st period - Slapshot by Troy Terry.
12:08 of 1st period - Stopped by John Gibson without a rebound.
12:09 of 1st period - Cole Perfetti wins face-off versus Sam Bennett in Los Angeles Kings zone.
12:34 of 1st period - Slapshot by Andrei Svechnikov.
12:34 of 1st period - Shot Misses the Net.
12:36 of 1st period - Wrist shot by Andrei Svechnikov.
12:36 of 1st period - Goal by Andrei Svechnikov - Los Angeles Kings : 1 - Toronto Maple Leafs : 1.
12:37 of 1st period - Nicolas Roy wins face-off versus Seth Jarvis in neutral zone.
13:26 of 1st period - Slapshot by Scott Laughton.
13:26 of 1st period - Deflect By Nino Niederreiter.
13:26 of 1st period - Shot Misses the Net.
13:26 of 1st period - Puck is out of play.
13:27 of 1st period - Andrew Mangiapane wins face-off versus Alexander Radulov in Los Angeles Kings zone.
13:44 of 1st period - Wrist shot by Andrew Mangiapane.
13:44 of 1st period - Shot Misses the Net.
13:54 of 1st period - Snap shot by Andrew Mangiapane.
13:54 of 1st period - Shot Misses the Net.
13:56 of 1st period - Slapshot by Luke Schenn.
13:56 of 1st period - Stopped by John Gibson without a rebound.
13:57 of 1st period - Brandon Saad wins face-off versus Seth Jarvis in Los Angeles Kings zone.
14:07 of 1st period - Icing by Andrei Kuzmenko.
14:08 of 1st period - Nicolas Roy wins face-off versus Seth Jarvis in Los Angeles Kings zone.
14:41 of 1st period - Wrist shot by Troy Terry.
14:41 of 1st period - Shot Misses the Net.
14:43 of 1st period - Snap shot by Mario Ferraro.
14:43 of 1st period - Shot Misses the Net.
15:18 of 1st period - Snap shot by Vitali Kravtsov.
15:18 of 1st period - Shot Misses the Net.
15:20 of 1st period - Slapshot by K'Andre Miller.
15:20 of 1st period - Stopped by Cam Talbot without a rebound.
15:21 of 1st period - Sam Bennett wins face-off versus Jakub Zboril in Toronto Maple Leafs zone.
16:07 of 1st period - Snap shot by Scott Laughton.
16:07 of 1st period - Shot Misses the Net.
16:09 of 1st period - Slapshot by Ryan Pulock.
16:09 of 1st period - Stopped by John Gibson with a rebound.
16:11 of 1st period - Wrist shot by Andrew Mangiapane.
16:11 of 1st period - Deflect By Nino Niederreiter.
16:11 of 1st period - Shot Misses the Net.
16:11 of 1st period - Puck is out of play.
16:12 of 1st period - Cole Perfetti wins face-off versus Scott Laughton in Los Angeles Kings zone.
16:21 of 1st period - Alexander Romanov is hit by Luke Schenn and loses puck.
16:32 of 1st period - Snap shot by Nino Niederreiter.
16:32 of 1st period - Stopped by John Gibson without a rebound.
16:33 of 1st period - Sam Bennett wins face-off versus Peyton Krebs in Los Angeles Kings zone.
16:50 of 1st period - Wrist shot by Trevor Zegras.
16:50 of 1st period - Deflect By Troy Terry.
16:50 of 1st period - Stopped by John Gibson without a rebound.
16:51 of 1st period - Nicolas Roy wins face-off versus Cole Perfetti in Los Angeles Kings zone.
16:52 of 1st period - Snap shot by Brandon Saad.
16:52 of 1st period - Stopped by John Gibson with a rebound.
17:00 of 1st period - Snap shot by Marco Rossi.
17:00 of 1st period - Stopped by Cam Talbot without a rebound.
17:01 of 1st period - Nicolas Roy wins face-off versus Ryan Reaves in Toronto Maple Leafs zone.
17:26 of 1st period - Snap shot by Cole Perfetti.
17:26 of 1st period - Shot Misses the Net.
17:28 of 1st period - Slapshot by K'Andre Miller.
17:28 of 1st period - Shot Misses the Net.
17:30 of 1st period - Snap shot by Ryan Reaves.
17:30 of 1st period - Shot Blocked by Brandon Saad.
17:32 of 1st period - Slapshot by Alexander Romanov.
17:32 of 1st period - Shot Misses the Net.
17:34 of 1st period - Slapshot by K'Andre Miller.
17:34 of 1st period - Deflect By Cole Perfetti.
17:34 of 1st period - Stopped by Cam Talbot with a rebound.
17:36 of 1st period - Slapshot by Alexander Romanov.
17:36 of 1st period - Shot Blocked by Aaron Ekblad.
17:56 of 1st period - Snap shot by Nicolas Roy.
17:56 of 1st period - Stopped by John Gibson without a rebound.
17:57 of 1st period - Scott Laughton wins face-off versus Alexander Radulov in Los Angeles Kings zone.
18:51 of 1st period - Wrist shot by Andrei Kuzmenko.
18:51 of 1st period - Stopped by Cam Talbot without a rebound.
18:52 of 1st period - Wyatt Johnston wins face-off versus Seth Jarvis in Toronto Maple Leafs zone.
19:24 of 1st period - Wrist shot by Aaron Ekblad.
19:24 of 1st period - Shot Misses the Net.
19:26 of 1st period - Wrist shot by Warren Foegele.
19:26 of 1st period - Stopped by John Gibson without a rebound.
19:27 of 1st period - Sam Bennett wins face-off versus Alexander Radulov in Los Angeles Kings zone.
Goals for this period are 1 for Los Angeles Kings vs 1 for Toronto Maple Leafs.
Shots for this period are 16 for Los Angeles Kings vs 14 for Toronto Maple Leafs.
2nd period
0:01 of 2nd period - Scott Laughton wins face-off versus Alexander Radulov in neutral zone.
0:08 of 2nd period - Snap shot by Nino Niederreiter.
0:08 of 2nd period - Stopped by John Gibson with a rebound.
0:10 of 2nd period - Slapshot by Mario Ferraro.
0:10 of 2nd period - Stopped by John Gibson without a rebound.
0:11 of 2nd period - Sam Bennett wins face-off versus Seth Jarvis in Los Angeles Kings zone.
0:14 of 2nd period - Wrist shot by Trevor Zegras.
0:14 of 2nd period - Shot Misses the Net.
0:20 of 2nd period - Trevor Zegras is hit by Andrei Svechnikov and loses puck.
0:27 of 2nd period - Snap shot by Andrei Svechnikov.
0:27 of 2nd period - Shot Misses the Net.
0:39 of 2nd period - Icing by Owen Power.
0:40 of 2nd period - Scott Laughton wins face-off versus Alexander Radulov in Los Angeles Kings zone.
0:49 of 2nd period - Snap shot by Nino Niederreiter.
0:49 of 2nd period - Stopped by John Gibson without a rebound.
0:50 of 2nd period - Scott Laughton wins face-off versus Seth Jarvis in Los Angeles Kings zone.
1:17 of 2nd period - Brandon Saad is hit by Trent Frederic and loses puck.
2:24 of 2nd period - Nick Bjugstad is hit by Trent Frederic and loses puck.
3:11 of 2nd period - Wrist shot by Wyatt Johnston.
3:11 of 2nd period - Shot Misses the Net.
3:39 of 2nd period - Wrist shot by Trent Frederic.
3:39 of 2nd period - Stopped by Cam Talbot with a rebound.
3:41 of 2nd period - Wrist shot by K'Andre Miller.
3:41 of 2nd period - Shot Blocked by Nick Bjugstad.
3:43 of 2nd period - Snap shot by Alexander Radulov.
3:43 of 2nd period - Stopped by Cam Talbot with a rebound.
3:45 of 2nd period - Slapshot by K'Andre Miller.
3:45 of 2nd period - Stopped by Cam Talbot without a rebound.
3:46 of 2nd period - Sam Bennett wins face-off versus Cole Perfetti in Toronto Maple Leafs zone.
3:46 of 2nd period - Sam Bennett is hit by Ryan Reaves.
3:52 of 2nd period - Snap shot by Trevor Zegras.
3:52 of 2nd period - Shot Misses the Net.
3:54 of 2nd period - Wrist shot by Trevor Zegras.
3:54 of 2nd period - Stopped by John Gibson with a rebound.
3:56 of 2nd period - Snap shot by Aaron Ekblad.
3:56 of 2nd period - Stopped by John Gibson with a rebound.
3:58 of 2nd period - Wrist shot by Trevor Zegras.
3:58 of 2nd period - Stopped by John Gibson with a rebound.
4:00 of 2nd period - Snap shot by Sam Bennett.
4:00 of 2nd period - Shot Misses the Net.
4:12 of 2nd period - Scott Laughton is hit by Seth Jarvis and loses puck.
4:21 of 2nd period - Snap shot by Nino Niederreiter.
4:21 of 2nd period - Stopped by John Gibson without a rebound.
4:22 of 2nd period - Sam Bennett wins face-off versus Cooper Marody in Los Angeles Kings zone.
4:32 of 2nd period - Minor Penalty to Sam Bennett for Tripping.
4:33 of 2nd period - Seth Jarvis wins face-off versus Nicolas Roy in Toronto Maple Leafs zone.
5:13 of 2nd period - Cole Perfetti is hit by Trevor Zegras and loses puck.
6:32 of 2nd period - Penalty to Sam Bennett is over, Sam Bennett is back on ice.
7:56 of 2nd period - Icing by Joshua Brown.
7:57 of 2nd period - Scott Laughton wins face-off versus Cooper Marody in Los Angeles Kings zone.
8:17 of 2nd period - Wrist shot by Alexander Radulov.
8:17 of 2nd period - Stopped by Cam Talbot without a rebound.
8:18 of 2nd period - Alexander Radulov wins face-off versus Nicolas Roy in Toronto Maple Leafs zone.
8:19 of 2nd period - Snap shot by Peyton Krebs.
8:19 of 2nd period - Stopped by Cam Talbot with a rebound.
8:21 of 2nd period - Slapshot by Noah Dobson.
8:21 of 2nd period - Stopped by Cam Talbot without a rebound.
8:22 of 2nd period - Sam Bennett wins face-off versus Trent Frederic in Toronto Maple Leafs zone.
8:35 of 2nd period - Cody Ceci is hit by Alexander Radulov and loses puck.
9:13 of 2nd period - Snap shot by Alexander Radulov.
9:13 of 2nd period - Shot Misses the Net.
9:15 of 2nd period - Wrist shot by Noah Dobson.
9:15 of 2nd period - Stopped by Cam Talbot without a rebound.
9:16 of 2nd period - Nicolas Roy wins face-off versus Seth Jarvis in Toronto Maple Leafs zone.
9:23 of 2nd period - Icing by Andrei Kuzmenko.
9:24 of 2nd period - Nicolas Roy wins face-off versus Seth Jarvis in Los Angeles Kings zone.
10:11 of 2nd period - Jakub Zboril is hit by Nick Bjugstad and loses puck.
10:19 of 2nd period - Erik Brannstrom is hit by Ryan Pulock and loses puck.
10:30 of 2nd period - Alexander Radulov is hit by Trevor Zegras and loses puck.
10:39 of 2nd period - Wrist shot by Alexander Radulov.
10:39 of 2nd period - Shot Misses the Net.
10:55 of 2nd period - Snap shot by Nicolas Roy.
10:55 of 2nd period - Stopped by John Gibson without a rebound.
10:56 of 2nd period - Cole Perfetti wins face-off versus Nicolas Roy in Los Angeles Kings zone.
11:02 of 2nd period - Off-side.
11:03 of 2nd period - Cole Perfetti wins face-off versus Nicolas Roy in neutral zone.
11:06 of 2nd period - Wrist shot by Ryan Reaves.
11:06 of 2nd period - Shot Blocked by Dougie Hamilton.
11:08 of 2nd period - Minor Penalty to Dougie Hamilton for Tripping.
11:09 of 2nd period - Nick Bjugstad wins face-off versus Alexander Radulov in Toronto Maple Leafs zone.
11:38 of 2nd period - Brandon Saad is hit by Alexander Romanov and loses puck.
11:51 of 2nd period - Snap shot by Scott Laughton.
11:51 of 2nd period - Deflect By Nicolas Roy.
11:51 of 2nd period - Shot Blocked by K'Andre Miller.
11:51 of 2nd period - Puck is out of play.
11:52 of 2nd period - Scott Laughton wins face-off versus Alexander Radulov in Los Angeles Kings zone.
11:53 of 2nd period - Wrist shot by Nicolas Roy.
11:53 of 2nd period - Shot Blocked by Cole Perfetti.
11:59 of 2nd period - Wrist shot by Nicolas Roy.
11:59 of 2nd period - Deflect By Scott Laughton.
11:59 of 2nd period - Shot Misses the Net.
11:59 of 2nd period - Puck is out of play.
12:00 of 2nd period - Nick Bjugstad wins face-off versus Alexander Radulov in Los Angeles Kings zone.
12:13 of 2nd period - Snap shot by Nick Bjugstad.
12:13 of 2nd period - Stopped by John Gibson without a rebound.
12:14 of 2nd period - Seth Jarvis wins face-off versus Nick Bjugstad in Los Angeles Kings zone.
13:08 of 2nd period - Penalty to Dougie Hamilton is over, Dougie Hamilton is back on ice.
13:16 of 2nd period - Cooper Marody is hit by Troy Terry and loses puck.
13:45 of 2nd period - Wrist shot by Alexander Radulov.
13:45 of 2nd period - Stopped by Cam Talbot with a rebound.
14:22 of 2nd period - Noah Dobson is hit by Cody Ceci and loses puck.
14:52 of 2nd period - Slapshot by K'Andre Miller.
14:52 of 2nd period - Shot Blocked by Cody Ceci.
15:02 of 2nd period - Wrist shot by Andrew Mangiapane.
15:02 of 2nd period - Stopped by John Gibson with a rebound.
15:04 of 2nd period - Snap shot by Andrew Mangiapane.
15:04 of 2nd period - Stopped by John Gibson without a rebound.
15:05 of 2nd period - Cole Perfetti wins face-off versus Scott Laughton in Los Angeles Kings zone.
15:30 of 2nd period - Cole Perfetti is hit by Trevor Zegras and loses puck.
16:00 of 2nd period - Wrist shot by Cole Perfetti.
16:00 of 2nd period - Stopped by Cam Talbot without a rebound.
16:01 of 2nd period - Seth Jarvis wins face-off versus Wyatt Johnston in Toronto Maple Leafs zone.
16:02 of 2nd period - Snap shot by Andrei Svechnikov.
16:02 of 2nd period - Shot Blocked by Aaron Ekblad.
16:22 of 2nd period - Alexander Romanov is hit by Aaron Ekblad and loses puck.
16:29 of 2nd period - Wrist shot by Warren Foegele.
16:29 of 2nd period - Stopped by John Gibson with a rebound.
16:31 of 2nd period - Slapshot by Ryan Pulock.
16:31 of 2nd period - Shot Blocked by Andrei Kuzmenko.
16:33 of 2nd period - Wrist shot by Wyatt Johnston.
16:33 of 2nd period - Stopped by John Gibson with a rebound.
16:45 of 2nd period - Wrist shot by Warren Foegele.
16:45 of 2nd period - Goal by Warren Foegele - Los Angeles Kings : 1 - Toronto Maple Leafs : 2.
16:46 of 2nd period - Scott Laughton wins face-off versus Cole Perfetti in neutral zone.
17:13 of 2nd period - Aaron Ekblad is hit by Peyton Krebs and loses puck.
17:20 of 2nd period - Trent Frederic is hit by Luke Schenn and loses puck.
17:31 of 2nd period - Snap shot by Andrei Svechnikov.
17:31 of 2nd period - Stopped by Cam Talbot with a rebound.
17:53 of 2nd period - Snap shot by Owen Power.
17:53 of 2nd period - Stopped by Cam Talbot without a rebound.
17:54 of 2nd period - Cooper Marody wins face-off versus Wyatt Johnston in Toronto Maple Leafs zone.
18:11 of 2nd period - Cooper Marody is hit by Warren Foegele and loses puck.
18:22 of 2nd period - Backhand shot by Warren Foegele.
18:22 of 2nd period - Shot Misses the Net.
18:24 of 2nd period - Slapshot by Aaron Ekblad.
18:24 of 2nd period - Stopped by John Gibson with a rebound.
18:26 of 2nd period - Slapshot by Aaron Ekblad.
18:26 of 2nd period - Shot Misses the Net.
18:28 of 2nd period - Slapshot by Dougie Hamilton.
18:28 of 2nd period - Deflect By Nick Bjugstad.
18:28 of 2nd period - Stopped by John Gibson without a rebound.
18:29 of 2nd period - Scott Laughton wins face-off versus Seth Jarvis in Los Angeles Kings zone.
18:38 of 2nd period - Snap shot by Scott Laughton.
18:38 of 2nd period - Stopped by John Gibson without a rebound.
18:39 of 2nd period - Scott Laughton wins face-off versus Seth Jarvis in Los Angeles Kings zone.
18:52 of 2nd period - Snap shot by Andrew Mangiapane.
18:52 of 2nd period - Stopped by John Gibson with a rebound.
18:54 of 2nd period - Slapshot by Ryan Pulock.
18:54 of 2nd period - Stopped by John Gibson with a rebound.
18:56 of 2nd period - Slapshot by Ryan Pulock.
18:56 of 2nd period - Stopped by John Gibson with a rebound.
18:58 of 2nd period - Wrist shot by Scott Laughton.
18:58 of 2nd period - Stopped by John Gibson with a rebound.
19:02 of 2nd period - Wrist shot by Andrew Mangiapane.
19:02 of 2nd period - Shot Misses the Net.
19:04 of 2nd period - Wrist shot by Scott Laughton.
19:04 of 2nd period - Deflect By Andrew Mangiapane.
19:04 of 2nd period - Shot Misses the Net.
19:04 of 2nd period - Puck is out of play.
19:05 of 2nd period - Cole Perfetti wins face-off versus Nicolas Roy in Los Angeles Kings zone.
19:32 of 2nd period - Snap shot by Wyatt Johnston.
19:32 of 2nd period - Stopped by John Gibson with a rebound.
Goals for this period are 0 for Los Angeles Kings vs 1 for Toronto Maple Leafs.
Shots for this period are 11 for Los Angeles Kings vs 22 for Toronto Maple Leafs.
3rd period
0:01 of 3rd period - Scott Laughton wins face-off versus Seth Jarvis in neutral zone.
0:36 of 3rd period - Wrist shot by Brandon Saad.
0:36 of 3rd period - Shot Misses the Net.
0:47 of 3rd period - Cole Perfetti is hit by Luke Schenn and loses puck.
0:53 of 3rd period - Minor Penalty to Trevor Zegras for High sticking.
0:54 of 3rd period - Seth Jarvis wins face-off versus Nick Bjugstad in Toronto Maple Leafs zone.
0:57 of 3rd period - Snap shot by Andrei Kuzmenko.
0:57 of 3rd period - Goal by Andrei Kuzmenko - Los Angeles Kings : 2 - Toronto Maple Leafs : 2.
0:58 of 3rd period - Scott Laughton wins face-off versus Seth Jarvis in neutral zone.
1:23 of 3rd period - Kyle Okposo is hit by Alexander Radulov and loses puck.
1:30 of 3rd period - Wrist shot by Peyton Krebs.
1:30 of 3rd period - Stopped by Cam Talbot with a rebound.
1:32 of 3rd period - Wrist shot by Peyton Krebs.
1:32 of 3rd period - Shot Misses the Net.
1:34 of 3rd period - Snap shot by Trent Frederic.
1:34 of 3rd period - Shot Misses the Net.
1:36 of 3rd period - Slapshot by Alexander Radulov.
1:36 of 3rd period - Stopped by Cam Talbot with a rebound.
1:46 of 3rd period - Snap shot by Noah Dobson.
1:46 of 3rd period - Shot Misses the Net.
1:48 of 3rd period - Snap shot by Vitali Kravtsov.
1:48 of 3rd period - Deflect By Cooper Marody.
1:48 of 3rd period - Stopped by Cam Talbot with a rebound.
1:50 of 3rd period - Slapshot by Jakub Zboril.
1:50 of 3rd period - Stopped by Cam Talbot with a rebound.
2:30 of 3rd period - Snap shot by Andrei Kuzmenko.
2:30 of 3rd period - Shot Misses the Net.
3:00 of 3rd period - Wrist shot by Wyatt Johnston.
3:00 of 3rd period - Stopped by John Gibson with a rebound.
3:02 of 3rd period - Wrist shot by Wyatt Johnston.
3:02 of 3rd period - Shot Blocked by Owen Power.
3:10 of 3rd period - Minor Penalty to Vitali Kravtsov for High sticking.
3:11 of 3rd period - Scott Laughton wins face-off versus Alexander Radulov in Los Angeles Kings zone.
3:12 of 3rd period - Slapshot by Andrew Mangiapane.
3:12 of 3rd period - Stopped by John Gibson with a rebound.
5:10 of 3rd period - Penalty to Vitali Kravtsov is over, Vitali Kravtsov is back on ice.
5:24 of 3rd period - Slapshot by Mario Ferraro.
5:24 of 3rd period - Stopped by John Gibson with a rebound.
5:26 of 3rd period - Slapshot by Mario Ferraro.
5:26 of 3rd period - Shot Blocked by Noah Dobson.
6:12 of 3rd period - Cody Ceci is hit by Cole Perfetti and loses puck.
7:05 of 3rd period - Off-side.
7:06 of 3rd period - Wyatt Johnston wins face-off versus Seth Jarvis in neutral zone.
7:36 of 3rd period - Wrist shot by Trevor Zegras.
7:36 of 3rd period - Shot Blocked by Cooper Marody.
7:38 of 3rd period - Slapshot by Cody Ceci.
7:38 of 3rd period - Shot Misses the Net.
7:53 of 3rd period - Icing by Erik Brannstrom.
7:54 of 3rd period - Cole Perfetti wins face-off versus Andrew Mangiapane in Los Angeles Kings zone.
8:31 of 3rd period - Minor Penalty to Aaron Ekblad for Holding.
8:32 of 3rd period - Seth Jarvis wins face-off versus Nick Bjugstad in Toronto Maple Leafs zone.
8:34 of 3rd period - Wrist shot by Andrei Kuzmenko.
8:34 of 3rd period - Goal by Andrei Kuzmenko - Los Angeles Kings : 3 - Toronto Maple Leafs : 2.
8:35 of 3rd period - Andrei Kuzmenko wins face-off versus Sam Bennett in neutral zone.
8:35 of 3rd period - Andrei Kuzmenko is hit by Trevor Zegras.
8:39 of 3rd period - Slapshot by Andrei Svechnikov.
8:39 of 3rd period - Shot Misses the Net.
8:41 of 3rd period - Wrist shot by Seth Jarvis.
8:41 of 3rd period - Shot Misses the Net.
8:43 of 3rd period - Snap shot by Andrei Svechnikov.
8:43 of 3rd period - Stopped by Cam Talbot without a rebound.
8:44 of 3rd period - Sam Bennett wins face-off versus Seth Jarvis in Toronto Maple Leafs zone.
9:17 of 3rd period - Snap shot by Andrei Svechnikov.
9:17 of 3rd period - Shot Misses the Net.
9:19 of 3rd period - Slapshot by Noah Dobson.
9:19 of 3rd period - Shot Blocked by Mario Ferraro.
9:21 of 3rd period - Snap shot by Seth Jarvis.
9:21 of 3rd period - Shot Misses the Net.
9:25 of 3rd period - Snap shot by Andrei Kuzmenko.
9:25 of 3rd period - Shot Misses the Net.
9:27 of 3rd period - Slapshot by Andrei Kuzmenko.
9:27 of 3rd period - Shot Misses the Net.
9:29 of 3rd period - Slapshot by Noah Dobson.
9:29 of 3rd period - Stopped by Cam Talbot with a rebound.
9:36 of 3rd period - Minor Penalty to Trevor Zegras for Holding.
9:37 of 3rd period - Scott Laughton wins face-off versus Alexander Radulov in Toronto Maple Leafs zone.
10:17 of 3rd period - Wrist shot by Alexander Radulov.
10:17 of 3rd period - Stopped by Cam Talbot without a rebound.
10:18 of 3rd period - Seth Jarvis wins face-off versus Nick Bjugstad in Toronto Maple Leafs zone.
11:36 of 3rd period - Penalty to Trevor Zegras is over, Trevor Zegras is back on ice.
11:42 of 3rd period - Wrist shot by Cooper Marody.
11:42 of 3rd period - Deflect By Vitali Kravtsov.
11:42 of 3rd period - Goal by Vitali Kravtsov - Los Angeles Kings : 4 - Toronto Maple Leafs : 2.
11:43 of 3rd period - Alexander Radulov wins face-off versus Scott Laughton in neutral zone.
12:44 of 3rd period - Slapshot by Noah Dobson.
12:44 of 3rd period - Deflect By Aaron Ekblad.
12:44 of 3rd period - Stopped by Cam Talbot with a rebound.
12:46 of 3rd period - Slapshot by Owen Power.
12:46 of 3rd period - Shot Blocked by Warren Foegele.
12:48 of 3rd period - Snap shot by Trent Frederic.
12:48 of 3rd period - Stopped by Cam Talbot with a rebound.
12:50 of 3rd period - Wrist shot by Trent Frederic.
12:50 of 3rd period - Shot Misses the Net.
12:52 of 3rd period - Snap shot by Owen Power.
12:52 of 3rd period - Shot Blocked by Aaron Ekblad.
13:02 of 3rd period - Wrist shot by Warren Foegele.
13:02 of 3rd period - Stopped by John Gibson with a rebound.
13:20 of 3rd period - Wrist shot by Alexander Radulov.
13:20 of 3rd period - Shot Misses the Net.
13:22 of 3rd period - Slapshot by Trent Frederic.
13:22 of 3rd period - Goal by Trent Frederic - Los Angeles Kings : 5 - Toronto Maple Leafs : 2.
13:23 of 3rd period - Scott Laughton wins face-off versus Seth Jarvis in neutral zone.
13:54 of 3rd period - Wrist shot by Cole Perfetti.
13:54 of 3rd period - Stopped by Cam Talbot without a rebound.
13:55 of 3rd period - Sam Bennett wins face-off versus Cole Perfetti in Toronto Maple Leafs zone.
14:25 of 3rd period - Off-side.
14:26 of 3rd period - Scott Laughton wins face-off versus Seth Jarvis in neutral zone.
14:53 of 3rd period - Cooper Marody is hit by Kyle Okposo.
15:19 of 3rd period - Wrist shot by Trevor Zegras.
15:19 of 3rd period - Stopped by John Gibson with a rebound.
15:35 of 3rd period - Snap shot by Nick Bjugstad.
15:35 of 3rd period - Shot Blocked by Owen Power.
15:37 of 3rd period - Wrist shot by Wyatt Johnston.
15:37 of 3rd period - Stopped by John Gibson without a rebound.
15:38 of 3rd period - Wyatt Johnston wins face-off versus Seth Jarvis in Los Angeles Kings zone.
16:40 of 3rd period - Wrist shot by Andrei Svechnikov.
16:40 of 3rd period - Stopped by Cam Talbot with a rebound.
16:48 of 3rd period - Backhand shot by Dougie Hamilton.
16:48 of 3rd period - Deflect By Nick Bjugstad.
16:48 of 3rd period - Stopped by John Gibson without a rebound.
16:49 of 3rd period - Alexander Radulov wins face-off versus Scott Laughton in Los Angeles Kings zone.
17:28 of 3rd period - Minor Penalty to Nicolas Roy for Hooking.
17:29 of 3rd period - Scott Laughton wins face-off versus Alexander Radulov in Toronto Maple Leafs zone.
17:29 of 3rd period - Scott Laughton is hit by Marco Rossi.
19:28 of 3rd period - Penalty to Nicolas Roy is over, Nicolas Roy is back on ice.
19:30 of 3rd period - Snap shot by Vitali Kravtsov.
19:30 of 3rd period - Stopped by Cam Talbot without a rebound.
19:31 of 3rd period - Cooper Marody wins face-off versus Wyatt Johnston in Toronto Maple Leafs zone.
19:36 of 3rd period - Slapshot by Vitali Kravtsov.
19:36 of 3rd period - Stopped by Cam Talbot without a rebound.
19:37 of 3rd period - Wyatt Johnston wins face-off versus Cooper Marody in Toronto Maple Leafs zone.
Goals for this period are 4 for Los Angeles Kings vs 0 for Toronto Maple Leafs.
Shots for this period are 17 for Los Angeles Kings vs 7 for Toronto Maple Leafs.
Back to the Top